PAA
OLYMPIA OGRES @ ITHACA FIGHTING IMPS
05/07/2042
 
TOP OF THE 1ST
Olympia Ogres batting - Pitching for Ithaca Fighting Imps : RHP John Fleming
Pitching: RHP John Fleming
Batting: LHB Jeffery Smith 0-0: Ball
1-0: Swinging Strike
1-1: Ground out 4-3 (Groundball, 4M, EV 85.0 MPH)
Batting: RHB Pepe Savinon 0-0: Ground out 6-3 (Groundball, 6, EV 99.4 MPH)
Batting: LHB Sariyah Fateen 0-0: Ball
1-0: Foul Ball, location: 2F
1-1: Swinging Strike
1-2: Foul Ball, location: 2F
1-2: Foul Ball, location: 2F
1-2: Strikes out swinging
Top of the 1st over - 0 runs, 0 hits, 0 errors, 0 left on base; Olympia 0 - Ithaca 0
BOTTOM OF THE 1ST
Ithaca Fighting Imps batting - Pitching for Olympia Ogres : LHP José Torres
Pitching: LHP José Torres
Batting: RHB Daryl Pethick 0-0: Fly out, F8 (Flyball, 8RD, EV 95.0 MPH)
Batting: RHB Everett Garland 0-0: Foul Ball, location: 2F
0-1: Ball
1-1: Ball
2-1: Fly out, F2 (Popup, 15S, EV 85.6 MPH)
Batting: SHB Paul Wood 0-0: Swinging Strike
0-1: Ball
1-1: Foul Ball, location: 2F
1-2: Ball
2-2: Ground out 4-3 (Groundball, 4, EV 90.0 MPH)
Bottom of the 1st over - 0 runs, 0 hits, 0 errors, 0 left on base; Olympia 0 - Ithaca 0
TOP OF THE 2ND
Olympia Ogres batting - Pitching for Ithaca Fighting Imps : RHP John Fleming
Batting: LHB Boboy Enabore 0-0: Foul Ball, location: 2F
0-1: SINGLE (Line Drive, 89S, EV 103.1 MPH)
Batting: SHB Nathan Brannon 0-0: Called Strike
0-1: Ball
1-1: Ball
2-1: Ball
Wild Pitch!
Boboy Enabore to second
3-1: Foul Ball, location: 2F
3-2: Strikes out looking
Batting: RHB Gyoo-jae Kil 0-0: Ball
1-0: Fly out, F7 (Flyball, 7, EV 85.0 MPH)
Batting: RHB Paul Stark 0-0: Fly out, F9 (Flyball, 9D, EV 98.1 MPH)
Top of the 2nd over - 0 runs, 1 hit, 0 errors, 1 left on base; Olympia 0 - Ithaca 0
BOTTOM OF THE 2ND
Ithaca Fighting Imps batting - Pitching for Olympia Ogres : LHP José Torres
Batting: RHB Aloysius Szymanski 0-0: Ball
1-0: Ground out U3 (Groundball, 34S, EV 91.2 MPH)
Batting: RHB J.J. Holmes 0-0: Ball
1-0: Swinging Strike
1-1: Ball
2-1: Ground out 3-1 (Groundball, 34, EV 86.9 MPH)
Batting: RHB Carlos Valle 0-0: Ball
1-0: Ball
2-0: Ball
3-0: Called Strike
3-1: Called Strike
3-2: Foul Ball, location: 2F
3-2: Fly out, F8 (Flyball, 89S, EV 90.6 MPH)
Bottom of the 2nd over - 0 runs, 0 hits, 0 errors, 0 left on base; Olympia 0 - Ithaca 0
TOP OF THE 3RD
Olympia Ogres batting - Pitching for Ithaca Fighting Imps : RHP John Fleming
Batting: RHB Donald Boyd 0-0: Ball
1-0: Ball
2-0: Ball
3-0: Called Strike
3-1: Base on Balls
Batting: RHB Alfonso Pereyra 0-0: Ball
1-0: Fielders Choice at 2nd, 4-6 (Groundball, 4, EV 102.5 MPH)
Batting: LHB Jeffery Smith 0-0: Ball
Alfonso Pereyra steals 2nd base
1-0: Swinging Strike
1-1: Foul Ball, location: 2F
1-2: Ball
2-2: Foul Ball, location: 2F
2-2: Strikes out looking
Batting: RHB Pepe Savinon 0-0: Called Strike
0-1: Called Strike
0-2: Strikes out swinging
Top of the 3rd over - 0 runs, 0 hits, 0 errors, 1 left on base; Olympia 0 - Ithaca 0
BOTTOM OF THE 3RD
Ithaca Fighting Imps batting - Pitching for Olympia Ogres : LHP José Torres
Batting: LHB Pedro Gonzáles 0-0: Ball
1-0: SINGLE (Line Drive, 56D, EV 97.5 MPH)
Batting: RHB Pedro Costa 0-0: Foul Ball, location: 2F
0-1: Ball
1-1: Foul Ball, location: 2F
1-2: Fly out, F7 (Line Drive, 7, EV 87.5 MPH)
Batting: LHB Jimmy Wilcox 0-0: Called Strike
0-1: Fly out, F6 (Popup, P, EV 80.0 MPH)
Batting: RHB Daryl Pethick 0-0: Ball
1-0: Fly out, F7 (Flyball, 78S, EV 90.0 MPH)
Bottom of the 3rd over - 0 runs, 1 hit, 0 errors, 1 left on base; Olympia 0 - Ithaca 0
TOP OF THE 4TH
Olympia Ogres batting - Pitching for Ithaca Fighting Imps : RHP John Fleming
Batting: LHB Sariyah Fateen 0-0: Ball
1-0: Fly out, F7 (Flyball, 7, EV 93.1 MPH)
Batting: LHB Boboy Enabore 0-0: Called Strike
0-1: Ball
1-1: Ground out 1-3 (Groundball, 34S, EV 84.4 MPH)
Batting: SHB Nathan Brannon 0-0: Called Strike
0-1: Ball
1-1: Called Strike
1-2: Ball
2-2: Ground out U3 (Groundball, 34, EV 78.1 MPH)
Top of the 4th over - 0 runs, 0 hits, 0 errors, 0 left on base; Olympia 0 - Ithaca 0
BOTTOM OF THE 4TH
Ithaca Fighting Imps batting - Pitching for Olympia Ogres : LHP José Torres
Batting: RHB Everett Garland 0-0: Ball
1-0: Ball
2-0: Ball
3-0: Base on Balls
Batting: SHB Paul Wood 0-0: Ball
1-0: DOUBLE (Line Drive, 9LS, EV 111.2 MPH)
Everett Garland to third
Batting: RHB Aloysius Szymanski 0-0: Ball
1-0: Ball
2-0: Called Strike
2-1: Fly out, F7 (Line Drive, 7, EV 91.2 MPH)
Runner from 3rd tags up, SCORES, throw by LF
Batting: RHB J.J. Holmes 0-0: Ball
1-0: Ball
2-0: SINGLE (Groundball, 3D, EV 94.4 MPH)
Paul Wood to third
Runner from 3rd tries for Home, SAFE, throw by RF to home
Batting: RHB Carlos Valle 0-0: Ball
1-0: Called Strike
1-1: Foul Ball, location: 2F
1-2: Ball
2-2: Strikes out looking
Batting: LHB Pedro Gonzáles 0-0: Ball
1-0: SINGLE (Line Drive, 34, EV 101.9 MPH)
J.J. Holmes to second
Runner from 2nd tries for 3rd, OUT! 9-5
Bottom of the 4th over - 2 runs, 3 hits, 0 errors, 1 left on base; Olympia 0 - Ithaca 2
TOP OF THE 5TH
Olympia Ogres batting - Pitching for Ithaca Fighting Imps : RHP John Fleming
Batting: RHB Gyoo-jae Kil 0-0: Ball
1-0: Fly out, F6 (Line Drive, 6, EV 68.1 MPH)
Batting: RHB Paul Stark 0-0: Ball
1-0: Ball
2-0: Foul Ball, location: 2F
2-1: Swinging Strike
2-2: Foul Ball, location: 2F
2-2: Foul Ball, location: 2F
2-2: Foul Ball, location: 2F
2-2: Foul Ball, location: 2F
2-2: Fly out, F9 (Line Drive, 9, EV 95.6 MPH)
Batting: RHB Donald Boyd 0-0: Ball
1-0: Ball
2-0: Swinging Strike
2-1: Foul Ball, location: 2F
2-2: Foul Ball, location: 2F
2-2: Ball
3-2: Foul Ball, location: 2F
3-2: Base on Balls
Batting: RHB Alfonso Pereyra 0-0: Swinging Strike
0-1: Ball
1-1: Ball
2-1: Ball
3-1: Ground out 4-3 (Groundball, 4, EV 108.8 MPH)
Top of the 5th over - 0 runs, 0 hits, 0 errors, 1 left on base; Olympia 0 - Ithaca 2
BOTTOM OF THE 5TH
Ithaca Fighting Imps batting - Pitching for Olympia Ogres : LHP José Torres
Batting: RHB Pedro Costa 0-0: Swinging Strike
0-1: Ball
1-1: Ball
2-1: Foul Ball, location: 2F
2-2: Foul Ball, location: 2F
2-2: Strikes out looking
Batting: LHB Jimmy Wilcox 0-0: Ball
1-0: Ball
2-0: Called Strike
2-1: Ball
3-1: Base on Balls
Batting: RHB Daryl Pethick 0-0: Called Strike
0-1: Swinging Strike
0-2: Foul Ball, location: 2F
0-2: Ball
1-2: Fly out, F8 (Flyball, 8RD, EV 91.9 MPH)
Batting: RHB Everett Garland 0-0: Called Strike
0-1: Ball
1-1: Fly out, F9 (Flyball, 9S, EV 83.8 MPH)
Bottom of the 5th over - 0 runs, 0 hits, 0 errors, 1 left on base; Olympia 0 - Ithaca 2
TOP OF THE 6TH
Olympia Ogres batting - Pitching for Ithaca Fighting Imps : RHP John Fleming
Batting: LHB Jeffery Smith 0-0: Ball
1-0: Foul Ball, location: 2F
1-1: Called Strike
1-2: Foul Ball, location: 2F
1-2: Foul Ball, location: 2F
1-2: Ball
2-2: Ball
3-2: Strikes out looking
Batting: RHB Pepe Savinon 0-0: Foul Ball, location: 2F
0-1: SINGLE (Line Drive, 8LS, EV 98.1 MPH)
Batting: LHB Sariyah Fateen 0-0: Ball
1-0: Foul Ball, location: 2F
1-1: Fly out, F9 (Flyball, 9S, EV 89.4 MPH)
Batting: LHB Boboy Enabore 0-0: Called Strike
0-1: Ball
Pepe Savinon steals 2nd base
1-1: Ball
2-1: Ball
3-1: Called Strike
3-2: Fly out, F8 (Flyball, 78M, EV 81.2 MPH)
Top of the 6th over - 0 runs, 1 hit, 0 errors, 1 left on base; Olympia 0 - Ithaca 2
BOTTOM OF THE 6TH
Ithaca Fighting Imps batting - Pitching for Olympia Ogres : LHP José Torres
Batting: SHB Paul Wood 0-0: Ball
1-0: Called Strike
1-1: Foul Ball, location: 2F
1-2: Ball
2-2: Ball
3-2: Foul Ball, location: 2F
3-2: Single, Error in OF, E8, batter to second base (Line Drive, 89M, EV 96.2 MPH)
Batting: RHB Aloysius Szymanski 0-0: Ground out 6-3 (Groundball, 6MS, EV 81.2 MPH)
Paul Wood to third
Batting: RHB J.J. Holmes 0-0: Called Strike
0-1: Hit by Pitch
Batting: RHB Carlos Valle 0-0: Called Strike
0-1: Called Strike
0-2: Ball
1-2: Hit by Pitch
J.J. Holmes to second
Batting: LHB Pedro Gonzáles 0-0: SINGLE (Groundball, 3, EV 102.5 MPH) (infield hit)
Paul Wood scores
J.J. Holmes to third
Carlos Valle to second
Batting: RHB Pedro Costa 0-0: Ball
1-0: Ball
2-0: Ball
3-0: Base on Balls
J.J. Holmes scores
Carlos Valle to third
Pedro Gonzáles to second
Pitching: RHP Roble Gichinga
Batting: LHB Jimmy Wilcox 0-0: Called Strike
0-1: Reached on error, E6 (Flyball, 56D, EV 91.2 MPH)
Carlos Valle scores
Pedro Gonzáles to third
Pedro Costa to second
Batting: RHB Daryl Pethick 0-0: Called Strike
0-1: Ball
1-1: Swinging Strike
1-2: Foul Ball, location: 2F
1-2: Strikes out swinging
Batting: RHB Everett Garland 0-0: Called Strike
0-1: SINGLE (Groundball, 6MD, EV 94.4 MPH)
Pedro Gonzáles scores
Pedro Costa to third
Jimmy Wilcox to second
Batting: SHB Paul Wood 0-0: Foul Ball, location: 2F
0-1: Ball
1-1: Ball
2-1: Called Strike
2-2: Fielders Choice at 2nd, U4 (Groundball, 4M, EV 81.2 MPH)
Bottom of the 6th over - 4 runs, 3 hits, 2 errors, 3 left on base; Olympia 0 - Ithaca 6
TOP OF THE 7TH
Olympia Ogres batting - Pitching for Ithaca Fighting Imps : RHP John Fleming
Batting: SHB Nathan Brannon 0-0: Foul Ball, location: 2F
0-1: DOUBLE (Line Drive, 8RXD, EV 106.2 MPH)
Batting: RHB Gyoo-jae Kil 0-0: Foul Ball, location: 2F
0-1: Foul Ball, location: 2F
0-2: SINGLE (Groundball, 56S, EV 60.6 MPH) (infield hit)
Nathan Brannon to third
Batting: RHB Paul Stark 0-0: Ball
1-0: Called Strike
1-1: SINGLE (Groundball, 56D, EV 101.9 MPH)
Nathan Brannon scores
Gyoo-jae Kil to second
Pitching: RHP Jesús Solís
Batting: RHB Donald Boyd 0-0: Ground out 6-3 (Groundball, 6S, EV 68.1 MPH)
Gyoo-jae Kil to third
Paul Stark to second
Batting: RHB Alfonso Pereyra 0-0: Called Strike
0-1: Ball
1-1: Ball
2-1: Called Strike
2-2: SINGLE (Line Drive, 34D, EV 100.0 MPH)
Gyoo-jae Kil scores
Paul Stark to third
Batting: LHB Jeffery Smith 0-0: Fly out, F8 (Line Drive, 8LM, EV 104.4 MPH)
Runner from 3rd tags up, SCORES, no throw by CF
Batting: RHB Pepe Savinon 0-0: Called Strike
Alfonso Pereyra steals 2nd base
0-1: Ball
1-1: Called Strike
1-2: Fly out, F7 (Line Drive, 7, EV 104.4 MPH)
Top of the 7th over - 3 runs, 4 hits, 0 errors, 1 left on base; Olympia 3 - Ithaca 6
BOTTOM OF THE 7TH
Ithaca Fighting Imps batting - Pitching for Olympia Ogres : RHP Roble Gichinga
Batting: RHB Aloysius Szymanski 0-0: Ball
1-0: Called Strike
1-1: Foul Ball, location: 2F
1-2: Ball
2-2: Foul Ball, location: 2F
2-2: Strikes out swinging
Batting: RHB J.J. Holmes 0-0: Ball
1-0: Ball
2-0: Foul Ball, location: 2F
2-1: Fly out, F8 (Flyball, 89D, EV 98.1 MPH)
Batting: RHB Carlos Valle 0-0: Foul Ball, location: 2F
0-1: Called Strike
0-2: Ball
1-2: Ball
2-2: Ball
3-2: Base on Balls
Batting: LHB Pedro Gonzáles 0-0: Ball
1-0: Called Strike
1-1: Ground out U3 (Groundball, 3, EV 101.9 MPH)
Bottom of the 7th over - 0 runs, 0 hits, 0 errors, 1 left on base; Olympia 3 - Ithaca 6
TOP OF THE 8TH
Olympia Ogres batting - Pitching for Ithaca Fighting Imps : RHP Jesús Solís
Batting: LHB Sariyah Fateen 0-0: Ball
1-0: Swinging Strike
1-1: Called Strike
1-2: Ball
2-2: Ball
3-2: Ground out 4-3 (Groundball, 4, EV 93.1 MPH)
Batting: LHB Boboy Enabore 0-0: Ball
1-0: Ball
2-0: Ground out U3 (Groundball, 34, EV 106.9 MPH)
Batting: SHB Nathan Brannon 0-0: Ball
1-0: Foul Ball, location: 2F
1-1: Called Strike
1-2: Strikes out looking
Top of the 8th over - 0 runs, 0 hits, 0 errors, 0 left on base; Olympia 3 - Ithaca 6
BOTTOM OF THE 8TH
Ithaca Fighting Imps batting - Pitching for Olympia Ogres : RHP Roble Gichinga
Batting: RHB Pedro Costa 0-0: Foul Ball, location: 2F
0-1: SINGLE (Groundball, 56D, EV 97.5 MPH)
Batting: LHB Jimmy Wilcox 0-0: Sac Bunt to 23 - play at first, batter OUT! 3-4
Pedro Costa to second
Batting: RHB Daryl Pethick 0-0: Called Strike
0-1: Foul Ball, location: 2F
0-2: SINGLE (Groundball, 34D, EV 97.5 MPH)
Pedro Costa to third
Batting: RHB Everett Garland 0-0: Ball
Daryl Pethick steals 2nd base
1-0: Fly out, F9 (Flyball, 89S, EV 85.0 MPH)
Batting: SHB Paul Wood 0-0: Ball
1-0: Ball
2-0: Called Strike
2-1: Foul Ball, location: 2F
2-2: Ground out 4-3 (Groundball, 4M, EV 84.4 MPH)
Bottom of the 8th over - 0 runs, 2 hits, 0 errors, 2 left on base; Olympia 3 - Ithaca 6
TOP OF THE 9TH
Olympia Ogres batting - Pitching for Ithaca Fighting Imps : RHP Jesús Solís
Pitching: RHP António Rodríguez
Batting: RHB Gyoo-jae Kil 0-0: Swinging Strike
0-1: Ground out 1-3 (Groundball, P, EV 66.9 MPH)
Batting: RHB Paul Stark 0-0: Ball
1-0: Called Strike
1-1: Ball
2-1: Ball
3-1: SINGLE (Groundball, 6D, EV 98.1 MPH)
Batting: RHB Donald Boyd 0-0: Ball
1-0: Ground out 4-3 (Groundball, 34, EV 85.6 MPH)
Paul Stark to second
Batting: RHB Alfonso Pereyra 0-0: Called Strike
0-1: Ball
1-1: Ball
2-1: Foul Ball, location: 2F
2-2: Strikes out looking
Top of the 9th over - 0 runs, 1 hit, 0 errors, 1 left on base; Olympia 3 - Ithaca 6
Friday, March 26th, 2021 - OOTP Baseball 20.8 Build 74